 Dungeon Crawl Stone Soup version 0.29-a0-319-gad05b8d819 (webtiles) character file.

Game seed: 3931115586033503946

23 kae the Firebug (level 3, -1/20 HPs)
             Began as a Tengu Fire Elementalist on Apr 1, 2022.
             Succumbed to a kobold's poison
             ... on level 1 of the Dungeon.
             The game lasted 00:00:35 (1056 turns).

kae the Firebug (Tengu Fire Elementalist)           Turns: 1056, Time: 00:00:35

Health: -1/20      AC:  2    Str:  8    XL:     3   Next: 0%
Magic:  7/7        EV: 12    Int: 17    God:
Gold:   31         SH:  0    Dex: 14    Spells: 5/6 levels left

rFire   . . .      SeeInvis .   g - +0 dagger (protect)
rCold   . . .      Faith    .   (no shield)
rNeg    . . .      Spirit   .   a - +0 robe
rPois   .          Reflect  .   (helmet restricted)
rElec   .          Harm     .   (no cloak)
rCorr   .          Rampage  .   (no gloves)
Will    .....                   (boots unavailable)
Stlth   ++........              (no amulet)
HPRegen 0.06/turn               (no ring)
MPRegen 0.10/turn               (no ring)

@: lethally poisoned (-1 -> -7), on berserk cooldown, attractive, slowed, very
slow
A: beak, talons 3
a: no special abilities


You were on level 1 of the Dungeon.
You visited 1 branch of the dungeon, and saw 1 of its levels.

You collected 31 gold pieces.

Inventory:

Hand Weapons
 g - a +0 dagger of protection (weapon)
Armour
 a - a +0 robe (worn)
Scrolls
 c - a scroll of enchant armour {unknown}
 h - a scroll of torment {unknown}
 i - a scroll of noise {unknown}
Potions
 b - a potion of magic
 f - a potion of haste {unknown}


   Skills:
 + Level 0.6 Fighting
 + Level 0.5 Armour
 + Level 2.3 Dodging
 - Level 2.0 Stealth
 + Level 2.1 Spellcasting
 + Level 1.8 Conjurations
 * Level 3.8 Fire Magic


You had 5 spell levels left.
You knew the following spells:

 Your Spells              Type           Power      Damage    Failure   Level
a - Foxfire               Conj/Fire      44%        2x1d6     6%          1

Your spell library contained the following spells:

 Spells                   Type           Power      Damage    Failure   Level
 Scorch                   Fire           28%        2d6       6%          2
 Conjure Flame            Conj/Fire      11%        6-21      19%         3
 Inner Flame              Hex/Fire       8%         N/A       26%         3
 Flame Wave               Conj/Fire      11%        2d5       52%         4


Dungeon Overview and Level Annotations

Branches:
Dungeon (1/15)

Altars:

Shops:
D:1 (


Innate Abilities, Weirdness & Mutations

You have a beak for a mouth.
You have claws for feet.


Message History

You feel sick. The kobold barely misses you.
You are too injured to fight recklessly!
You are too injured to fight recklessly!
You are too injured to fight recklessly!
It was a potion of berserk rage.
A red film seems to cover your vision as you go berserk!
You feel yourself moving faster!
You feel mighty!
You feel sick.
The kobold hits you with a +2 short sword of venom.
You are lethally poisoned!
You are too berserk!
Unknown command.
You completely miss the kobold. You claw the kobold, but do no damage.
You peck the kobold.
You kill the kobold!
You feel very sick.
You puncture the hobgoblin!
Your weapon exudes an aura of protection.
You kill the hobgoblin!
* * * LOW HITPOINT WARNING * * *
You feel sick.
You have reached level 3!
Your experience leads to an increase in your attributes!
Increase (S)trength, (I)ntelligence, or (D)exterity?
You feel clever. x2
There is a lethal amount of poison in your body!
* * * LOW HITPOINT WARNING * * *
You feel sick.
You feel a strong urge to attack something.
* * * LOW HITPOINT WARNING * * *
You feel sick.
* * * LOW HITPOINT WARNING * * *
You feel sick.
You feel your anger nearly subside.
You are no longer berserk.
You are exhausted.
You feel yourself slow down.
* * * LOW HITPOINT WARNING * * *
You feel sick.
It was a potion of attraction.
You feel attractive to monsters.
You die...

############
#......#....
####.####.#....
#.............#
#.##.##......#
#######.##.##.#....##
#....†.....##.#.....#
#.##'#..##...........
+@+........##.#.#.
#)########.##...#.
#.! ....####... #..#
....####..# #..#
...[.†...## ...#
[....###..## ...#
#.....# #...# ##.#
####### #.... #.#..


There were no monsters in sight!

Vanquished Creatures
  2 dart slugs (D:1)
  A ball python (D:1)
  6 goblins (D:1)
  2 hobgoblins (D:1)
  3 jackals (D:1)
  A bat (D:1)
  2 kobolds (D:1)
  A rat (D:1)
18 creatures vanquished.

Vanquished Creatures (others)
  40 foxfires (D:1)
40 creatures vanquished.

Grand Total: 58 creatures vanquished

Notes
Turn   | Place    | Note
-------+----------+-------------------------------------------
     0 | D:1      | kae the Tengu Fire Elementalist began the quest for the
                  | Orb.
     0 | D:1      | Reached XP level 1. HP: 10/10 MP: 4/4
   514 | D:1      | Reached XP level 2. HP: 15/15 MP: 4/6
  1034 | D:1      | Found Qiurowag's Weapon Shoppe.
  1052 | D:1      | Reached XP level 3. HP: 8/20 MP: 7/7
  1055 | D:1      | HP: 1/20 [poisoned by a kobold]
  1056 | D:1      | Succumbed to a kobold's poison

Illustrated notes

Levels and vault maps discovered:
D:1:      dpeg_arrival_simpleton_c, layout_loops_cross, serial_shops,
          nicolae_shop_behind_doors, palyth_stone_intersect, nrook_loot_triangle

Action                   || total
-------------------------++-------
Melee: Unarmed           ||     2
       Dagger            ||    12
       Kick              ||     1
       Peck              ||     1
 Cast: Foxfire           ||    32
  Use: Potion            ||     2
Armor: Robe              ||     2
Dodge: Dodged            ||    11

Table legend: (Time is in decaauts)
 A = Elapsed time spent in this place.
 B = Non-inter-level travel time spent in this place.
 C = Inter-level travel time spent in this place.
 D = Time resting spent in this place.
 E = Time spent auto-exploring this place.
 F = Levels seen in this place.
 G = Mean time per level.
                   A        B        C        D        E       F      G
               +--------+--------+--------+--------+--------+-----+--------+
         Total |   1053 |   1053 |      0 |      0 |    924 |   1 | 1053.0 |
       Dungeon |   1053 |   1053 |      0 |      0 |    924 |   1 | 1053.0 |
               +--------+--------+--------+--------+--------+-----+--------+

Top non-repeatable levels by time:
     D:1: 1053 daAuts
